 Dungeon Crawl Stone Soup version 0.32-a0-516-g94ed278cf8 (webtiles) character file.

Game seed: 2802656430056982574

0 GordonOverkill the Sneak (level 1, 0/18 HPs)
             Began as a Coglin Delver on Feb 27, 2024.
             Slain by an adder (2 damage)
             ... on level 3 of the Dungeon.
             The game lasted 00:00:46 (73 turns).

GordonOverkill the Sneak (Coglin Delver)              Turns: 73, Time: 00:00:47

Health: 0/18       AC:  3    Str: 12    XL:     1   Next: 0%
Magic:  1/1        EV: 11    Int:  9    God:
Gold:   0          SH:  0    Dex: 15    Spells: 0/0 levels left

rFire   . . .        a - +0 hand axe {Myungok}
rCold   . . .        (no shield)
rNeg    . . .        b - +0 leather armour
rPois   .            (no helmet)
rElec   .            (no cloak)
rCorr   .            (no gloves)
SInv    .            (no boots)
Will    .....        (no amulet)
Stlth   ++           (ring unavailable)
HPRegen 0.23/turn    (ring unavailable)
MPRegen 0.07/turn

%: no passive effects
@: lethally poisoned (0 -> -2), revved
A: off-hand wielding, slow wielding, warmup strikes, no rings
a: no special abilities


You were on level 3 of the Dungeon.
You visited 1 branch of the dungeon, and saw 3 of its levels.

Inventory:

Hand Weapons
 a - a +0 hand axe (weapon) {Myungok}
Armour
 b - a +0 leather armour (worn)
Wands
 g - a wand of digging (3)
 k - a wand of flame (4)
Scrolls
 c - a scroll of fog
 d - a scroll of revelation
 e - a scroll of fear
 h - a scroll of teleportation {unknown}
 j - a scroll of identify {unknown}
Potions
 f - a potion of haste
 i - a potion of heal wounds {unknown}


   Skills:
 - Level 3.0 Fighting
 + Level 2.0 Axes
 - Level 1.7 Dodging
 - Level 4.1 Stealth


You couldn't memorise any spells.
You didn't know any spells.
Your spell library was empty.

Dungeon Overview and Level Annotations

Branches:
Dungeon (5/15)
 Temple: D:4-7

Altars:


Innate Abilities, Weirdness & Mutations

You can wield a second weapon in your off-hand.
It takes a long time for you to wield or remove held weapons.
Your first few attacks do less damage.
Your grasper-arms cannot wear rings.


Message History

Found a hand axe and a runed scarf.
There is a stone staircase leading up here.
The bombardier beetle sprays incendiary fluid at you.
The burning spray hits you.
You are covered in liquid fire!
You shake off some of the fire as you move.
You climb upwards.
The liquid fire burns you!
The ball python hisses angrily.
The adder hisses angrily.
Found 2 cyan potions.
There is a stone staircase leading down here.
You shake off the liquid fire.
You slash the adder!
The adder is heavily wounded.
The adder bites you.
You barely miss the adder.
The adder is heavily wounded.
The adder bites you. The adder bites you but does no damage.
You closely miss the adder.
The adder is heavily wounded.
The adder bites you but does no damage. The adder bites you.
* * * LOW HITPOINT WARNING * * *
You barely miss the adder.
The adder is heavily wounded.
The adder bites you.
* * * LOW HITPOINT WARNING * * *
You are poisoned.
The adder poisons you!
You closely miss the adder.
The adder is heavily wounded.
You hit the ball python.
You kill the ball python!
* * * LOW HITPOINT WARNING * * *
You feel sick.
An adder comes into view.
The adder bites you.
* * * LOW HITPOINT WARNING * * *
A rat comes into view.
The adder bites you.
You die...

#..### .....#
####..!.#+###
#...........#
#...........#
#...........#
#........S..##..
#.......@.......
#......>........
#..........#####
#######.#..#
#.#..r# #.#..#S.
#....#### ####..
#.


You could see 2 adders and a rat (wandering).

Vanquished Creatures
  A ball python (D:3)
1 creature vanquished.

Notes
Turn   | Place    | Note
-------+----------+-------------------------------------------
     0 | D:5      | GordonOverkill the Coglin Delver began the quest for the
                  | Orb.
     0 | D:5      | Reached XP level 1. HP: 18/18 MP: 1/1
    13 | D:5      | Noticed an orc priest
    13 | D:5      | Noticed a hound
    36 | D:5      | Noticed an iguana
    41 | D:5      | Noticed a bombardier beetle
    49 | D:4      | Noticed a scorpion
    60 | D:4      | Noticed a bombardier beetle
    73 | D:3      | Slain by an adder

Illustrated notes

Levels and vault maps discovered:
D:3:      layout_basic, overflow_temple_1_default, minmay_distorted,
          uniq_grinder, uniq_sigmund, uniq_ijyb
D:4:      layout_cave_pools, enter_ossuary_1, lightli_sewer_entry_pipes,
          nrook_uturn, chequers_decorated_corner, kennysheep_generic_room_6,
          uniq_menkaure, uniq_robin
D:5:      kennysheep_kobold_camp, layout_loops_ring, good_gods_temple_1,
          gammafunk_temple_overflow_claw, grunt_qazlal_clouds,
          minmay_temple_entry_wispy

Action                     || total
---------------------------++-------
  Melee: Hand axe          ||     5
 Armour: Leather armour    ||     8

Table legend: (Time is in decaauts)
 A = Elapsed time spent in this place.
 B = Non-inter-level travel time spent in this place.
 C = Inter-level travel time spent in this place.
 D = Time resting spent in this place.
 E = Time spent auto-exploring this place.
 F = Levels seen in this place.
 G = Mean time per level.
                   A        B        C        D        E       F      G
               +--------+--------+--------+--------+--------+-----+--------+
         Total |     73 |     73 |      0 |      0 |      0 |   3 |   24.3 |
       Dungeon |     73 |     73 |      0 |      0 |      0 |   3 |   24.3 |
               +--------+--------+--------+--------+--------+-----+--------+

Top non-repeatable levels by time:
     D:5: 49 daAuts
     D:4: 17 daAuts
     D:3: 6 daAuts
